 Dungeon Crawl Stone Soup version 0.24.0-123-gd5b16e6ec5 (webtiles) character file.

Game seed: 2953966615683626327, levelgen mode: deterministic

16 IrvingSpaghetti the Conjurer (level 2, -3/19 HPs)
             Began as a Human Conjurer on Dec 25, 2019.
             Slain by a gnoll
             ... wielding a +0 halberd
              (13 damage)
             ... on level 1 of the Dungeon.
             The game lasted 00:00:52 (215 turns).

IrvingSpaghetti the Conjurer (Human Conjurer)        Turns: 215, Time: 00:00:53

Health: -3/19      AC:  2    Str:  8    XL:     2   Next: 75%
Magic:  5/5        EV: 12    Int: 15    God:
Gold:   3          SH:  0    Dex: 13    Spells: 4/5 levels left

rFire    . . .     SeeInvis .   e - +2 short sword (distort)
rCold    . . .     Gourm    .   (no shield)
rNeg     . . .     Faith    .   a - +0 robe
rPois    .         Spirit   .   (no helmet)
rElec    .         Reflect  .   (no cloak)
rCorr    .         Harm     .   (no gloves)
MR       .....                  (no boots)
Stlth    ++........             (no amulet)
HPRegen  0.06/turn              (no ring)
MPRegen  0.09/turn              (no ring)

@: no status effects
A: no striking features
a: no special abilities


You were on level 1 of the Dungeon.
You were not hungry.

You visited 1 branch of the dungeon, and saw 1 of its levels.

You collected 3 gold pieces.

Inventory:

Hand Weapons
 b - a +0 spear
 e - a +2 short sword of distortion (weapon)
Missiles
 d - 18 arrows
 g - 18 stones (quivered)
Armour
 a - a +0 robe (worn)
Scrolls
 h - a scroll of immolation {unknown}
 i - a scroll of teleportation {unknown}
 j - a scroll of identify {unknown}
Comestibles
 c - a ration
 f - 3 chunks of flesh


   Skills:
 - Level 2.0 Dodging
 + Level 3.3 Stealth
 - Level 2.0 Spellcasting
 - Level 4.0 Conjurations


You had 4 spell levels left.
You knew the following spells:

 Your Spells              Type           Power        Failure   Level  Hunger
a - Magic Dart            Conj           ##..         4%          1    #......

Your spell library contained the following spells:

 Spells                   Type           Power        Failure   Level  Hunger
 Searing Ray              Conj           ##....       6%          2    ###....
 Dazzling Spray           Conj/Hex       #.....       28%         3    ###....
 Iskenderun's Mystic Bla  Conj           ##......     38%         4    #####..
 Force Lance              Conj/Tloc      #.......     67%         4    #####..
 Fulminant Prism          Conj/Hex       #.........   67%         4    #####..


Dungeon Overview and Level Annotations

Branches:
Dungeon (1/15)

Altars:


Message History

A jackal and a gnoll come into view.
The jackal barks!
The frilled lizard hisses angrily.
The jackal barks!
You hear an angry hiss.
The gnoll shouts!
You hear a bark!
A leopard gecko, 2 jackals, a gnoll and a dart slug come into view.
The gnoll is wielding a +0 whip of electrocution.
The jackal barks!
The jackal bites you. The jackal barely misses you.
You miss the jackal.
The frilled lizard bites you but does no damage.
The jackal closely misses you.
You hit the jackal.
Space bends around the jackal.
You kill the jackal!
The frilled lizard closely misses you. The gnoll barely misses you.
A dart slug comes into view.
You barely miss the jackal. The jackal bites you.
The frilled lizard hisses.
The frilled lizard barely misses you.
The gnoll hits you from afar with a +0 halberd!
Ouch! That really hurt!
You die...

.. ##.. .w..... ##..
..######
...........####........#
........................
.......#.......!###.....
...g...l................
.......h........###.##..
.....ghh........##..###.
.....wl@........#..####.
......#...........###...
..... ##..........†...#.
#### #.........#######.
#.........# ##
#.........# #..=......#
#.........# ##.......##


You could see 2 gnolls, 2 dart slugs, a leopard gecko, 3 jackals and a frilled
lizard.

Vanquished Creatures
  An ooze (D:1)
  A bat (D:1)
  A goblin (D:1)
  3 hobgoblins (D:1)
  A jackal (D:1)
  3 kobolds (D:1)
10 creatures vanquished.

Notes
Turn   | Place    | Note
-------+----------+-------------------------------------------
     0 | D:1      | IrvingSpaghetti the Human Conjurer began the quest for the
                  | Orb.
     0 | D:1      | Reached XP level 1. HP: 13/13 MP: 3/3
   104 | D:1      | Reached XP level 2. HP: 11/19 MP: 1/5
   215 | D:1      | Slain by a gnoll

Levels and vault maps discovered:
D:1:      psy_arrival_dodecagon, layout_rooms, minivault_19

Skill      XL: |  1  2 |
---------------+-------+-----
Stealth        | 3 |  3.3
Dodging        | |  2.0
Spellcasting   | |  2.0
Conjurations   | |  4.0

Action                   || total
-------------------------++-------
Melee: Short sword       ||    25
 Cast: Magic Dart        ||     7
 Stab: Sleeping          ||     1
Armor: Robe              ||     3
Dodge: Dodged            ||    16
